 Dungeon Crawl Stone Soup version 0.22.1-2-g9c5b331 (webtiles) character file.

86 Heatsaber the Cutter (level 4, -1/23 HPs)
             Began as a Vine Stalker Skald on Dec 31, 2018.
             Slain by a gnoll
             ... wielding a cursed +0 halberd
              (5 damage)
             ... on level 2 of the Dungeon.
             The game lasted 00:11:22 (1282 turns).

Heatsaber the Cutter (Vine Stalker Skald)           Turns: 1282, Time: 00:11:22

Health: -1/23      AC:  9    Str: 15    XL:     4   Next: 49%
Magic:  0/8        EV: 10    Int: 13    God:
Gold:   47         SH:  0    Dex: 13    Spells: 2/7 levels left

rFire    + . .     SeeInvis .   a - +0 short sword
rCold    + . .     Gourm    .   (no shield)
rNeg     + . .     Faith    .   n - +2 scale mail {rC+}
rPois    .         Spirit   +   i - +0 helmet
rElec    .         Reflect  .   (no cloak)
rCorr    .         Harm     .   (no gloves)
MR       .....                  (no boots)
Stlth    ..........             (no amulet)
HPRegen  0.47/turn              e - ring of positive energy
MPRegen  0.11/turn              m - ring of protection from fire

@: very slightly contaminated
A: fangs 2, regeneration 1, magic shield, antimagic bite, no potion heal 3, rot
immunity
a: no special abilities


You were on level 2 of the Dungeon.
You were not hungry.

You visited 1 branch of the dungeon, and saw 2 of its levels.

You collected 47 gold pieces.

Inventory:

Hand Weapons
 a - a +0 short sword (weapon)
 o - a +0 halberd
Armour
 b - a +0 leather armour
 i - a +0 helmet (worn)
 l - a +0 ring mail
 n - a +2 scale mail of cold resistance (worn)
Jewellery
 e - a ring of positive energy (left hand)
 g - an uncursed ring of positive energy
 m - a ring of protection from fire (right hand)
Scrolls
 h - a scroll of remove curse
Potions
 c - a potion of mutation
 k - a potion of degeneration {unknown}
 p - 2 potions of curing {unknown}
 q - a potion of heal wounds {unknown}
Comestibles
 d - 3 rations
 f - a chunk of flesh


   Skills:
 - Level 2.0 Fighting
 + Level 3.2 Short Blades
 + Level 1.4 Armour
 - Level 2.0 Dodging
 - Level 2.1 Spellcasting
 - Level 3.0 Charms
 + Level 1.2 Translocations


You had 2 spell levels left.
You knew the following spells:

 Your Spells              Type           Power        Failure   Level  Hunger
a - Infusion              Chrm           #...         28%         1    ##.....
b - Shroud of Golubria    Chrm/Tloc      #.........   52%         2    ###....
c - Song of Slaying       Chrm           #.......     41%         2    ###....

Your spell library contained the following spells:

 Spells                   Type           Power        Failure   Level  Hunger
 Regeneration             Chrm/Necr      #.........   85%         3    ####...
 Spectral Weapon          Hex/Chrm       #.......     85%         3    ####...


Dungeon Overview and Level Annotations

Branches:
Dungeon (2/15)

Altars:


Innate Abilities, Weirdness & Mutations

You have extremely sharp teeth.
Your natural rate of healing is unusually fast.
When hurt, damage is shared between your health and your magic reserves.
Your bite disrupts and absorbs the magic of your enemies.
Potions cannot restore your health.
You are immune to rotting.


Message History

The gnoll shaman is severely wounded.
The gnoll hits you from afar with a halberd!
* * * LOW HITPOINT WARNING * * *
The gnoll shaman hits you but does no damage.
The gnoll shaman prays to its god.
The gnoll shaman is healed somewhat.
You see here 19 arrows.
The dart slug launches a dart at you. The slug dart hits you!
The dart slug barely misses you.
The gnoll shaman calls upon its god to speed up something.
You are no longer glowing.
The gnoll hits you from afar with a halberd!
* * * LOW HITPOINT WARNING * * *
Okay, then.
The gnoll hits you from afar with a halberd.
* * * LOW HITPOINT WARNING * * *
Okay, then.
The gnoll hits you from afar with a halberd!
You die...

#gg##.#.........### #g#
.#.##.#.....gg....###.#
.............w###.....#
.##...###......#####g##
......###.###g.### #.### #
.##....##.# #....# #...#### #
.g........####.gg# #.#....#### #
##.........####..###.####....####
#............#.@....# ####.....
#...g....###.##...### ######
#........###..##...#### #....
##.###.....##.##......# #.###
##.##..###........###.######.###
#.........##.#..#.............†.
#.........##.#..####..####..####
##.........##....# ##.# ##.##...
...........###..######.###..##...


You could see a gnoll shaman, 4 gnolls and a dart slug.

Vanquished Creatures
  A gnoll (D:2)
  2 adders (D:2)
  2 oozes (D:1)
  A worm (D:2)
  A dart slug (D:2)
  2 leopard geckos
  3 giant cockroaches
  9 goblins
  A hobgoblin (D:1)
  2 jackals (D:2)
  2 kobolds
  2 ball pythons (D:2)
  7 bats
  2 frilled lizards
  A jackal zombie (D:2)
  6 rats
44 creatures vanquished.

Notes
Turn   | Place    | Note
-------+----------+-------------------------------------------
     0 | D:1      | Heatsaber the Vine Stalker Skald began the quest for the
                  | Orb.
     0 | D:1      | Reached XP level 1. HP: 11/11 MP: 4/4
    85 | D:1      | Reached XP level 2. HP: 9/15 MP: 4/6
   366 | D:1      | Reached XP level 3. HP: 14/18 MP: 5/7
   736 | D:2      | Learned a level 2 spell: Shroud of Golubria
   739 | D:2      | Learned a level 2 spell: Song of Slaying
   828 | D:2      | Reached skill level 1 in Armour
   894 | D:2      | Gained mutation: Your natural rate of healing is unusually
                  | fast. [Vine Stalker growth]
   894 | D:2      | Reached XP level 4. HP: 23/23 MP: 8/8
   980 | D:2      | Reached skill level 1 in Translocations
  1040 | D:2      | HP: 1/23 [adder (2)]
  1282 | D:2      | Slain by a gnoll

Skill      XL: |  1  2  3  4 |
---------------+-------------+-----
Fighting       | 2 |  2.0
Short Blades   | 2 3 |  3.2
Dodging        | 2 |  2.0
Armour         | 1 |  1.4
Translocations | 1 |  1.2
Spellcasting   | |  2.1
Charms         | |  3.0

Action                   |  1- 3 |  4- 6 || total
-------------------------+-------+-------++-------
Melee: Short sword       |    80 |    66 ||   146
       Bite              |    10 |     9 ||    19
 Cast: Infusion          |     9 |     5 ||    14
       Shroud of Golubri |       |     1 ||     1
  Use: Scroll            |       |     3 ||     3
  Eat: Chunk             |       |     2 ||     2
Armor: Leather armour    |    19 |       ||    19
       Scale mail        |    21 |    51 ||    72
Dodge: Dodged            |    60 |    58 ||   118
